 Dungeon Crawl Stone Soup version 0.27-a0-887-gcab673c142 (webtiles) character file.

Game seed: 6327071836570547997

38 rageheart7 the Ducker (level 3, 0/35 HPs)
             Began as a Gnoll Monk on Apr 4, 2021.
             Shot with a sling bullet by a goblin (5 damage)
             ... led by Robin
             ... on level 2 of the Dungeon.
             The game lasted 00:01:11 (1456 turns).

rageheart7 the Ducker (Gnoll Monk)                  Turns: 1456, Time: 00:01:12

Health: 0/35       AC:  8    Str: 11    XL:     3   Next: 43%
Magic:  4/4        EV:  6    Int:  9    God:
Gold:   38         SH:  0    Dex: 14    Spells: 3/3 levels left

rFire    . . .     SeeInvis .   d - +1 dagger (drain)
rCold    . . .     Faith    .   (no shield)
rNeg     . . .     Spirit   .   h - +0 chain mail
rPois    .         Reflect  .   (no helmet)
rElec    .         Harm     .   (no cloak)
rCorr    .         Rampage  .   (no gloves)
Will     .....                  (no boots)
Stlth    ..........             (no amulet)
HPRegen  0.11/turn              (no ring)
MPRegen  0.09/turn              (no ring)

@: no status effects
A: fangs 1, strong nose, distributed training
a: no special abilities


You were on level 2 of the Dungeon.
You visited 1 branch of the dungeon, and saw 2 of its levels.

You collected 38 gold pieces.

Inventory:

Hand Weapons
 a - a +0 mace
 d - a +1 dagger of draining (weapon)
Armour
 h - a +0 chain mail (worn)
Scrolls
 c - 2 scrolls of enchant armour {unknown}
 e - 2 scrolls of identify {unknown}
 g - a scroll of summoning {unknown}
Potions
 b - 2 potions of ambrosia {unknown}
 f - a potion of heal wounds {unknown}


   Skills:
 + Level 6.5 Fighting
 + Level 0.8 Short Blades
 + Level 0.8 Long Blades
 + Level 0.8 Axes
 + Level 6.5 Maces & Flails
 + Level 0.8 Polearms
 + Level 0.8 Staves
 + Level 0.8 Slings
 + Level 0.8 Bows
 + Level 0.8 Crossbows
 + Level 0.8 Throwing
 + Level 0.8 Armour
 + Level 6.5 Dodging
 + Level 4.1 Stealth
 + Level 0.8 Shields
 + Level 0.8 Unarmed Combat
 + Level 0.8 Spellcasting
 + Level 0.5 Conjurations
 + Level 0.5 Hexes
 + Level 0.5 Summonings
 + Level 0.5 Necromancy
 + Level 0.5 Translocations
 + Level 0.5 Transmutations
 + Level 0.5 Fire Magic
 + Level 0.5 Ice Magic
 + Level 0.5 Air Magic
 + Level 0.5 Earth Magic
 + Level 0.5 Poison Magic
 + Level 1.0 Invocations
 + Level 0.8 Evocations


You had 3 spell levels left.
You didn't know any spells.
Your spell library contained the following spells:

 Spells                   Type           Power      Damage    Failure   Level
 Poisonous Vapours        Pois/Air       2%         N/A       100%        2
 Conjure Flame            Conj/Fire      1%         6-21      100%        3
 Mephitic Cloud           Conj/Pois/Air  1%         N/A       100%        3
 Freezing Cloud           Conj/Ice/Air   0%         6-21      100%        6


Dungeon Overview and Level Annotations

Branches:
Dungeon (2/15)

Altars:

Annotations:
D:2 Robin


Innate Abilities, Weirdness & Mutations

You have very sharp teeth.
Your uncanny sense of smell can sniff out nearby items.
Your experience applies equally to all skills.


Message History

The goblin hits you but does no damage.
Robin roars a battlecry!
The goblins go into a battle-frenzy!
You hear a shout! x2
You miss the goblin.
The goblin is moderately wounded.
The goblin barely misses you. The goblin hits you but does no damage.
Robin throws the goblin at you!
You closely miss the goblin.
The goblin is moderately wounded.
The goblin hits you but does no damage. The goblin hits you with a +0 club.
A goblin comes into view. It is wielding a +0 dagger.
The goblin hits you with a +0 club.
You closely miss the goblin.
The goblin is moderately wounded.
The goblin hits you with a +0 dagger. The goblin hits you with a +0 club.
The goblin hits you but does no damage.
You hit the goblin but do no damage. You drain the goblin.
You kill the goblin!
The goblin hits you with a +0 dagger.
The goblin unwields a +0 dagger.
The goblin wields a +0 hunting sling.
The goblin shoots a stone.
The stone barely misses you. Robin completely misses you.
The goblin hits you with a +0 club.
Your Invocations skill increases to level 1!
You are too injured to fight recklessly!
The goblin hits you with a +0 dagger.
* * * LOW HITPOINT WARNING * * *
A hobgoblin comes into view.
The goblin hits you with a +0 dagger.
* * * LOW HITPOINT WARNING * * *
Robin roars a battlecry!
The goblin goes into a battle-frenzy!
You hear a shout!
The goblin unwields a +0 dagger.
The goblin wields a +0 hunting sling.
The goblin shoots a sling bullet.
The sling bullet hits you but does no damage.
Robin throws the goblin at you! The goblin hits you with a +0 club.
* * * LOW HITPOINT WARNING * * *
The goblin shoots a sling bullet.
The sling bullet hits you.
You die...

####.#######.#
#..........###.#
#####........##.#
##...'........##.#.##
.#.###.†......##.#...
.#.# #####'#####.#..#
.#.# #.# #.#..# .#'###
#.# #.#..# .....#
###.#####@#..# ##.
.....#
#.......g.#..#.....
.....# #.#.##...gg.gg#
#....# #.#.##........+
##+#†###+#+##........#
#.................#
##.#.................#
.......................∆
##.#####'#.#...........#


You could see Robin and 2 goblins.

Vanquished Creatures
  A worm (D:2)
  2 giant cockroaches (D:1)
  7 goblins
  2 hobgoblins (D:1)
  2 jackals (D:2)
  A quokka (D:1)
  2 ball pythons
  3 frilled lizards (D:1)
  8 kobolds (D:1)
  5 rats (D:1)
33 creatures vanquished.

Notes
Turn   | Place    | Note
-------+----------+-------------------------------------------
     0 | D:1      | rageheart7 the Gnoll Monk began the quest for the Orb.
     0 | D:1      | Reached XP level 1. HP: 23/23 MP: 1/1
   248 | D:1      | Reached XP level 2. HP: 29/29 MP: 2/2
   753 | D:1      | Reached XP level 3. HP: 32/35 MP: 3/3
  1446 | D:2      | Noticed Robin
  1452 | D:2      | Reached skill level 1 in Invocations
  1456 | D:2      | Shot with a sling bullet by a goblin

Illustrated notes

Levels and vault maps discovered:
D:1:      elethiomel_arrival_infinity_welcomes_careful_drivers, layout_basic
D:2:      layout_basic, chequers_ecumenical_altar_island, basic_altar,
          minmay_misc_feat_encased, uniq_terence, uniq_robin

Skill      XL: |  1  2  3 |
---------------+----------+-----
Invocations    | 1 |  1.0
Fighting       | |  6.5
Short Blades   | |  0.8
Long Blades    | |  0.8
Axes           | |  0.8
Maces & Flails | |  6.5
Polearms       | |  0.8
Staves         | |  0.8
Slings         | |  0.8
Bows           | |  0.8
Crossbows      | |  0.8
Throwing       | |  0.8
Armour         | |  0.8
Dodging        | |  6.5
Stealth        | |  4.1
Shields        | |  0.8
Unarmed Combat | |  0.8
Spellcasting   | |  0.8
Conjurations   | |  0.5
Hexes          | |  0.5
Summonings     | |  0.5
Necromancy     | |  0.5
Translocations | |  0.5
Transmutations | |  0.5
Fire Magic     | |  0.5
Ice Magic      | |  0.5
Air Magic      | |  0.5
Earth Magic    | |  0.5
Poison Magic   | |  0.5
Evocations     | |  0.8

Action                   || total
-------------------------++-------
Melee: Mace              ||    18
       Dagger            ||    63
       Bite              ||     4
 Stab: Sleeping          ||     4
Armor: Robe              ||     3
       Chain mail        ||    15
Dodge: Dodged            ||    52

Table legend: (Time is in decaauts)
 A = Elapsed time spent in this place.
 B = Non-inter-level travel time spent in this place.
 C = Inter-level travel time spent in this place.
 D = Time resting spent in this place.
 E = Time spent auto-exploring this place.
 F = Levels seen in this place.
 G = Mean time per level.
                   A        B        C        D        E       F      G
               +--------+--------+--------+--------+--------+-----+--------+
         Total |   1455 |   1396 |     59 |    131 |   1051 |   2 |  727.5 |
       Dungeon |   1455 |   1396 |     59 |    131 |   1051 |   2 |  727.5 |
               +--------+--------+--------+--------+--------+-----+--------+

Top non-repeatable levels by time:
     D:1: 1223 daAuts
     D:2: 232 daAuts
